[Event "December 19 Early 2023"]
[Site "https://www.chess.com"]
[Date "2023.12.19"]
[Round "6"]
[White "Rangel, Daniel"]
[Black "Piesik, Piotr"]
[Result "0-1"]
[Board "82"]
[TimeControl "180+1"]
[WhiteFideId "2124475"]
[BlackFideId "1136194"]
[WhiteElo "2267"]
[BlackElo "2319"]
[WhiteTeam "BRA"]
[BlackTeam "CZE"]
[WhiteClock "0:00:07"]
[BlackClock "0:01:05"]

1. c4 e6 2. g3 d5 3. Bg2 Nf6 4. Nf3 c5 5. O-O d4 6. e3 Nc6 7. exd4 cxd4 8. d3 Be7 9. Bg5 O-O 10. Nbd2 Nd7 11. Bxe7 Qxe7 12. Qe2 e5 13. a3 a5 14. Rfe1 f6 15. Rac1 Nc5 16. Ne4 Nb3 17. Rc2 Bg4 18. c5 a4 19. h3 Be6 20. Nfd2 Ra5 21. Nc4 Bxc4 22. Rxc4 Nxc5 23. Nxc5 Rxc5 24. Rec1 Rxc4 25. Rxc4 Ra8 26. Qc2 h5 27. Bd5+ Kh7 28. Be4+ g6 29. Bxc6 bxc6 30. Rxc6 Ra7 31. Rc8 h4 32. Qc4 hxg3 33. Qg8+ Kh6 34. Qh8+ Kg5 35. fxg3 Qh7 36. h4+ Kf5 37. Qe8 Qf7 38. Qc6 Qb7 39. Qc2 Qf3 40. Qf2 Qxf2+ 41. Kxf2 Rb7 42. Rc2 Kg4 43. Kg2 f5 44. Re2 Rb5 45. Kf2 g5 46. Kg2 gxh4 47. gxh4 Kxh4 48. Kf3 Kg5 49. Rg2+ Kf6 50. Rc2 Rb3 51. Ke2 Kg5 52. Kd2 Kf4 53. Ke2 e4 54. dxe4 d3+ 0-1

[Event "December 19 Early 2023"]
[Site "https://www.chess.com"]
[Date "2023.12.19"]
[Round "6"]
[White "Horak, Martin"]
[Black "Yeritsyan, Hayk"]
[Result "0-1"]
[Board "83"]
[TimeControl "180+1"]
[WhiteFideId "367095"]
[BlackFideId "13307320"]
[WhiteElo "2091"]
[BlackElo "2130"]
[WhiteTeam "CZE"]
[BlackTeam "ARM"]
[WhiteClock "0:00:00"]
[BlackClock "0:00:10"]

1. d4 Nf6 2. Nf3 c5 3. d5 d6 4. Nc3 e5 5. e4 Be7 6. Bb5+ Nbd7 7. a4 O-O 8. h3 a6 9. Be2 b6 10. Nd2 Ne8 11. Bg4 Bg5 12. O-O Nef6 13. Nc4 Bxc1 14. Qxc1 Nxg4 15. hxg4 Nf6 16. f3 Ne8 17. Qd2 Bd7 18. Ne3 b5 19. axb5 axb5 20. Rfb1 Nc7 21. Nf5 Bxf5 22. gxf5 b4 23. Ne2 Qh4 24. Qe1 Qg5 25. Qc1 Qh4 26. Qe1 Qh5 27. Rxa8 Rxa8 28. Ra1 Rd8 29. Ng3 Qg5 30. Nf1 Nb5 31. Qe3 Qh4 32. Qf2 Qf6 33. Ne3 h6 34. Ng4 Qg5 35. Qe3 Nd4 36. Qxg5 hxg5 37. Ne3 Kf8 38. b3 Nb5 39. Ra5 Rb8 40. Nc4 Ke7 41. Kf2 Kd7 42. Ra1 Kc7 43. Ra6 g6 44. Rc6+ Kd7 45. fxg6 fxg6 46. Ra6 Kc7 47. Kg3 Rh8 48. Rc6+ Kd7 49. Rb6 Nd4 50. Rxd6+ Ke7 51. Rxg6 Nxc2 52. Rxg5 Nd4 53. Rxe5+ Kf6 54. Re6+ Nxe6 55. dxe6 Kxe6 56. Kf4 Rd8 57. g4 Rd3 58. g5 Rxb3 59. Kg4 Rb1 60. f4 Rg1+ 61. Kf3 b3 62. f5+ Kf7 63. g6+ Kf6 64. Kf4 Rf1+ 65. Ke3 Rc1 66. Nd6 b2 67. Ne8+ Ke7 68. g7 Rg1 69. f6+ Kf7 70. Nd6+ Kxf6 0-1

[Event "December 19 Early 2023"]
[Site "https://www.chess.com"]
[Date "2023.12.19"]
[Round "6"]
[White "Santos Flores, Alberto"]
[Black "Gontcharov, Vladislav"]
[Result "1/2-1/2"]
[Board "84"]
[TimeControl "180+1"]
[WhiteFideId "3601234"]
[BlackFideId "4123492"]
[WhiteElo "2229"]
[BlackElo "2420"]
[WhiteTeam "ECU"]
[BlackTeam "RUS"]
[WhiteClock "0:00:03"]
[BlackClock "0:00:19"]

1. e4 e6 2. d4 d5 3. Nc3 Nc6 4. e5 f6 5. f4 fxe5 6. dxe5 Nh6 7. Nf3 Qd7 8. Be3 b6 9. Qd2 Bb7 10. O-O-O O-O-O 11. h3 Nf5 12. Bf2 h5 13. Bd3 Bb4 14. a3 Bxc3 15. Qxc3 Nce7 16. Qd2 c5 17. g4 hxg4 18. hxg4 Rxh1 19. Rxh1 Nh6 20. Rg1 d4 21. Ng5 Nd5 22. Ne4 Nf7 23. Bg3 Ne3 24. Bf2 c4 25. Bxe3 dxe3 26. Qc3 Qd4 27. Bxc4 Bxe4 28. Bxe6+ Kb8 29. Qxd4 Rxd4 30. Bxf7 e2 31. c3 Rd8 32. Bb3 Bf3 33. f5 Kc7 34. f6 gxf6 35. exf6 Bxg4 36. f7 Bf3 37. Re1 b5 38. a4 a6 39. axb5 axb5 40. Kb1 Kb6 41. Kc2 Kc5 42. Be6 Be4+ 43. Kc1 Bf3 44. Kc2 Kd6 45. Bf5 Ke7 46. Bd3 Kxf7 47. Bxe2 Be4+ 48. Kc1 Bc6 49. Rd1 Rh8 50. Bd3 Ke7 51. Bc2 Rh2 52. Re1+ Kd6 53. Rg1 Bd5 54. Bd3 Bc6 55. Rg5 b4 56. cxb4 Bd5 57. Rg1 Bb3 58. Kb1 Kc6 59. Rc1+ Kb6 60. Bc2 Bd5 61. Ba4 Be4+ 62. Ka1 Rh8 63. b3 Rh2 64. Re1 Bd5 65. Rd1 Bf3 66. Re1 Rd2 67. Rf1 Be4 68. Re1 Bf3 69. Rf1 Be4 70. Re1 Bf3 1/2-1/2

[Event "December 19 Early 2023"]
[Site "https://www.chess.com"]
[Date "2023.12.19"]
[Round "6"]
[White "Goltseva, Ekaterina"]
[Black "Wadsworth, Matthew J"]
[Result "1-0"]
[Board "85"]
[TimeControl "180+1"]
[WhiteFideId "24173770"]
[BlackFideId "415804"]
[WhiteElo "2139"]
[BlackElo "2266"]
[WhiteTeam "RUS"]
[BlackTeam "ENG"]
[WhiteClock "0:00:18"]
[BlackClock "0:00:00"]

1. d4 Nf6 2. c4 c5 3. d5 e6 4. Nc3 exd5 5. cxd5 d6 6. e4 g6 7. Nge2 h5 8. Bg5 Bg7 9. Nc1 a6 10. a4 Nbd7 11. Be2 Qb6 12. Nd3 c4 13. a5 Qc7 14. Nb4 Ne5 15. Be3 Nfg4 16. Bb6 Qe7 17. h3 Nf6 18. O-O g5 19. Nc2 g4 20. h4 Nfd7 21. Bd4 Qxh4 22. Ne3 Nf8 23. Nxc4 Qe7 24. Qa4+ Bd7 25. Qb4 Nxc4 26. Bxg7 Rh7 27. Bxf8 Kxf8 28. Qxc4 h4 29. Qd4 h3 30. g3 f5 31. exf5 Bxf5 32. Kh2 Rg7 33. Rae1 Qf7 34. Bd3 Bxd3 35. Qxd3 Kg8 36. Re4 Re8 37. Rf4 Qe7 38. Ne4 1-0

[Event "December 19 Early 2023"]
[Site "https://www.chess.com"]
[Date "2023.12.19"]
[Round "6"]
[White "Durucay, Uygar"]
[Black "Gubajdullin, Alexei"]
[Result "0-1"]
[Board "86"]
[TimeControl "180+1"]
[WhiteFideId "44591560"]
[BlackFideId "4141202"]
[WhiteElo "1913"]
[BlackElo "2274"]
[WhiteTeam "TUR"]
[BlackTeam "RUS"]
[WhiteClock "0:00:00"]
[BlackClock "0:00:58"]

1. d4 Nf6 2. Nf3 c5 3. d5 e6 4. Nc3 b5 5. Bg5 b4 6. Ne4 Be7 7. Bxf6 Bxf6 8. c3 bxc3 9. bxc3 O-O 10. Rb1 Qa5 11. Qc2 exd5 12. Nxf6+ gxf6 13. e3 Ba6 14. h4 Nc6 15. Bxa6 Qxa6 16. Qf5 Ne7 17. Qxd7 Rab8 18. Rxb8 Rxb8 19. Nd2 Ng6 20. Qg4 Kh8 21. c4 Rb2 22. h5 Ne5 23. Qg3 Nd3+ 24. Ke2 Qxc4 25. Kf3 Ne5+ 0-1

[Event "December 19 Early 2023"]
[Site "https://www.chess.com"]
[Date "2023.12.19"]
[Round "6"]
[White "Devaev, Alexander"]
[Black "Espinoza Villanueva, Rodrigo"]
[Result "0-1"]
[Board "87"]
[TimeControl "180+1"]
[WhiteFideId "4169395"]
[BlackFideId "5140188"]
[WhiteElo "2172"]
[BlackElo "1907"]
[WhiteTeam "RUS"]
[BlackTeam "MEX"]
[WhiteClock "0:00:00"]
[BlackClock "0:01:03"]

1. d4 Nf6 2. c4 e6 3. Nc3 Bb4 4. Bd2 O-O 5. a3 Be7 6. e4 d5 7. e5 Ne4 8. Nxe4 dxe4 9. Ne2 c5 10. Be3 Nc6 11. dxc5 Nxe5 12. Nc3 Qc7 13. b4 Rd8 14. Qb3 Bf6 15. Nxe4 Nf3+ 16. gxf3 Bxa1 17. Bd3 Be5 18. Ke2 Bd7 19. Rg1 f5 20. Nd6 Bxd6 21. cxd6 Qxd6 22. f4 Bc6 23. Qc3 Qe7 24. Bd4 g6 25. Bf6 Qc7 26. Be5 Qe7 27. Bf6 Qc7 28. Be5 Qd7 29. h4 Kf7 30. h5 Bf3+ 31. Ke3 Bxh5 32. Rh1 Qc6 33. Rh3 Rd7 34. c5 Rad8 0-1

[Event "December 19 Early 2023"]
[Site "https://www.chess.com"]
[Date "2023.12.19"]
[Round "6"]
[White "Buksa, Nataliya"]
[Black "Skliarov, Viktor"]
[Result "1/2-1/2"]
[Board "88"]
[TimeControl "180+1"]
[WhiteFideId "14123622"]
[BlackFideId "14106736"]
[WhiteElo "2316"]
[BlackElo "2301"]
[WhiteTeam "UKR"]
[BlackTeam "UKR"]
[WhiteClock "0:00:02"]
[BlackClock "0:00:06"]

1. d4 Nf6 2. Nc3 g6 3. e4 d6 4. f4 Bg7 5. Nf3 O-O 6. Bd3 Bg4 7. h3 Bxf3 8. Qxf3 Nc6 9. Be3 Nd7 10. O-O Nxd4 11. Qf2 c5 12. Rae1 a6 13. g4 b5 14. e5 dxe5 15. Be4 exf4 16. Bxf4 Ra7 17. Kh1 Nf6 18. Bg2 b4 19. Na4 Qa5 20. b3 Rd7 21. Nb2 Qxa2 22. Nd3 Qxc2 23. Qxc2 Nxc2 24. Nxc5 Nxe1 25. Nxd7 Nxg2 26. Nxf8 Nxf4 27. Rxf4 Bxf8 28. Rxb4 Nd5 29. Ra4 Nc7 30. Rc4 Nd5 31. Ra4 e6 32. Rxa6 h6 33. Kg2 Kg7 34. Kf3 Kf6 35. Rc6 Bb4 36. Rc4 Ke5 37. Rc8 f5 38. Rh8 Bd2 39. Rd8 h5 40. gxh5 gxh5 41. Rh8 Nf6 42. Rb8 Ne4 43. b4 Ng5+ 44. Ke2 Bf4 45. h4 Ne4 46. Rh8 Kd5 47. Kf3 Be5 48. Rxh5 Nf6 49. Rh8 Kc4 50. h5 Kxb4 51. h6 Kc4 52. h7 Nxh7 53. Rxh7 Kd5 54. Rd7+ Bd6 55. Ra7 e5 56. Ra5+ Ke6 57. Ke3 Be7 58. Ra6+ Bd6 59. Ra5 Kf6 60. Ra6 Ke7 61. Ra7+ Ke6 62. Ra6 Ke7 63. Ra7+ Ke6 64. Ra6 Kd5 65. Ra5+ Bc5+ 66. Kf3 Kd4 67. Ra4+ Kd3 68. Ra5 Bd4 69. Kg2 Ke4 70. Ra1 f4 71. Re1+ Be3 72. Ra1 f3+ 73. Kg3 Bf4+ 74. Kf2 Be3+ 75. Kg3 Bd4 76. Re1+ Be3 77. Ra1 1/2-1/2

[Event "December 19 Early 2023"]
[Site "https://www.chess.com"]
[Date "2023.12.19"]
[Round "6"]
[White "Rakhimgaliyev, Yerlan"]
[Black "Fromm, Marius"]
[Result "0-1"]
[Board "89"]
[TimeControl "180+1"]
[WhiteFideId "13705148"]
[BlackFideId "12993190"]
[WhiteElo "2261"]
[BlackElo "2335"]
[WhiteTeam "KAZ"]
[BlackTeam "GER"]
[WhiteClock "0:00:11"]
[BlackClock "0:01:05"]

1. e4 c5 2. c3 d5 3. exd5 Qxd5 4. d4 Nf6 5. Nf3 e6 6. Be2 cxd4 7. cxd4 Nc6 8. Nc3 Qd7 9. O-O Be7 10. Bb5 O-O 11. Ne5 Qc7 12. Bxc6 bxc6 13. Qa4 c5 14. Bf4 cxd4 15. Nb5 Qb6 16. Rac1 Ba6 17. Rc6 Bxb5 18. Rxb6 Bxa4 19. Rb7 Bd6 20. b3 Bxe5 21. Bxe5 Bc6 22. Rc7 Rfc8 23. Rxc8+ Rxc8 24. Bxd4 a6 25. f3 Nd5 26. Rc1 Bb7 27. Bc5 Nb4 28. Rd1 Nxa2 29. Rd7 Bd5 30. Ra7 h5 31. b4 Bc4 32. Kf2 Bb5 33. Ke3 Rd8 34. h4 Nc3 35. Be7 Rd3+ 36. Kf4 Nd5+ 37. Kg5 Nxe7 38. Rxe7 Rd5+ 0-1

[Event "December 19 Early 2023"]
[Site "https://www.chess.com"]
[Date "2023.12.19"]
[Round "6"]
[White "Karttunen, Mika"]
[Black "Mohammadi, Melika"]
[Result "1-0"]
[Board "90"]
[TimeControl "180+1"]
[WhiteFideId "502081"]
[BlackFideId "42529271"]
[WhiteElo "2396"]
[BlackElo "1901"]
[WhiteTeam "FIN"]
[BlackTeam "IRI"]
[WhiteClock "0:00:54"]
[BlackClock "0:00:30"]

1. e4 e5 2. Nc3 Nf6 3. Bc4 Nxe4 4. Qh5 Nd6 5. Qxe5+ Qe7 6. Qxe7+ Bxe7 7. Be2 c6 8. h4 Nf5 9. h5 d5 10. Nf3 h6 11. g4 Nd6 12. Ne5 d4 13. Na4 Nd7 14. Nxd7 Bxd7 15. Nc5 Bc8 16. d3 O-O 17. f4 Re8 18. Kf2 b6 19. Ne4 c5 20. Nxd6 Bxd6 21. Bf3 Rb8 22. Bd2 Bb7 23. Rhe1 Bxf3 24. Kxf3 f6 25. Re4 Kf7 26. Rae1 Rxe4 27. Rxe4 Rd8 28. g5 fxg5 29. fxg5 hxg5 30. Bxg5 b5 31. Bxd8 1-0

[Event "December 19 Early 2023"]
[Site "https://www.chess.com"]
[Date "2023.12.19"]
[Round "6"]
[White "Bazilius, Augustinas"]
[Black "Omelja, Artem"]
[Result "1-0"]
[Board "91"]
[TimeControl "180+1"]
[WhiteFideId "12832251"]
[BlackFideId "14119846"]
[WhiteElo "2082"]
[BlackElo "2404"]
[WhiteTeam "LTU"]
[BlackTeam "UKR"]
[WhiteClock "0:00:09"]
[BlackClock "0:00:19"]

1. d4 d5 2. c4 c6 3. Nf3 e6 4. g3 dxc4 5. Ne5 b5 6. Bg2 Bb7 7. b3 cxb3 8. axb3 Nf6 9. O-O Be7 10. Nc3 a6 11. Bg5 O-O 12. Bxf6 Bxf6 13. Ne4 Be7 14. Rc1 f6 15. Nf3 Nd7 16. Qc2 a5 17. Rfd1 Qc7 18. Bh3 Kf7 19. Neg5+ fxg5 20. Qxh7 Bf6 21. d5 exd5 22. Rxd5 Nb6 23. Nxg5+ Bxg5 24. Rxg5 Rg8 25. Rc3 Nd7 26. Qg6+ Kf8 27. Bxd7 Qxd7 28. Rf3+ Ke7 29. Rf7+ Kd8 30. Rxd7+ Kxd7 31. Qf7+ Kd6 32. Qxb7 g6 33. Qf7 Rae8 34. Rxg6+ Rxg6 35. Qxg6+ Re6 36. Qd3+ Kc7 37. h4 Rd6 38. Qc2 Rd4 39. h5 a4 40. bxa4 Rxa4 41. h6 Ra8 42. h7 Rh8 43. Qg6 Kb6 44. Qg7 Rxh7 45. Qxh7 b4 46. Qb1 c5 47. g4 Kb5 48. g5 c4 49. g6 c3 50. g7 Kc4 51. g8=Q+ Kb5 52. Qgb3 Ka6 53. Qxb4 Ka7 54. Qb6+ Ka8 55. Qb7# 1-0

[Event "December 19 Early 2023"]
[Site "https://www.chess.com"]
[Date "2023.12.19"]
[Round "6"]
[White "Golubev, Mikhail"]
[Black "Sahin, Sarp"]
[Result "1-0"]
[Board "92"]
[TimeControl "180+1"]
[WhiteFideId "14100983"]
[BlackFideId "51605066"]
[WhiteElo "2352"]
[BlackElo "1775"]
[WhiteTeam "UKR"]
[BlackTeam "TUR"]
[WhiteClock "0:00:44"]
[BlackClock "0:00:20"]

1. e4 c6 2. Nf3 d5 3. Nc3 Bg4 4. h3 Bxf3 5. Qxf3 e6 6. g3 Nf6 7. Bg2 Be7 8. O-O Nbd7 9. d4 dxe4 10. Nxe4 Nxe4 11. Qxe4 O-O 12. c3 Nf6 13. Qe2 Rc8 14. Bd2 a5 15. Rad1 Nd5 16. c4 Nf6 17. a3 Qxd4 18. Bxa5 Qa7 19. Qd2 Bc5 20. Bc3 Be7 21. Bd4 Qa6 22. Qc2 Rfd8 23. Be3 h6 24. Rfe1 b5 25. Bf1 Qb7 26. cxb5 cxb5 27. Qb3 b4 28. a4 Ne4 29. Bg2 Kh8 30. a5 f5 31. Qxe6 Rxd1 32. Rxd1 Bf8 33. Qxf5 1-0

[Event "December 19 Early 2023"]
[Site "https://www.chess.com"]
[Date "2023.12.19"]
[Round "6"]
[White "Boyer, Mahel"]
[Black "Balint, Vilmos"]
[Result "1-0"]
[Board "93"]
[TimeControl "180+1"]
[WhiteFideId "45102422"]
[BlackFideId "718050"]
[WhiteElo "2449"]
[BlackElo "2139"]
[WhiteTeam "FRA"]
[BlackTeam "HUN"]
[WhiteClock "0:00:31"]
[BlackClock "0:02:09"]

1. e4 e6 2. c4 d5 3. cxd5 exd5 4. exd5 Nf6 5. Nc3 Nxd5 6. Nf3 Be7 7. d4 O-O 8. Bd3 c5 9. O-O Nxc3 10. bxc3 cxd4 11. cxd4 h6 12. Qe2 Re8 13. Qe4 f5 14. Bc4+ Kh7 15. Qd3 Nc6 16. Bf4 Bf6 17. Rfe1 Rxe1+ 18. Rxe1 Nxd4 19. Ne5 Be6 20. Bxe6 Bxe5 21. Bxf5+ g6 22. Bxg6+ Kg8 23. Bxe5 Ne6 24. Bh7+ Kf8 25. Qg6 Qe7 26. Qg8# 1-0

[Event "December 19 Early 2023"]
[Site "https://www.chess.com"]
[Date "2023.12.19"]
[Round "6"]
[White "Tokhirjonova, Gulrukhbegim"]
[Black "Cansun, Can Alp"]
[Result "1-0"]
[Board "94"]
[TimeControl "180+1"]
[WhiteFideId "14203626"]
[BlackFideId "6390188"]
[WhiteElo "2265"]
[BlackElo "2031"]
[WhiteTeam "USA"]
[BlackTeam "TUR"]
[WhiteClock "0:01:15"]
[BlackClock "0:00:07"]

1. Nf3 c5 2. g3 g6 3. Bg2 Bg7 4. O-O Nc6 5. e4 e6 6. Nc3 Nge7 7. d3 O-O 8. Be3 Nd4 9. Ne2 Nec6 10. c3 Nxe2+ 11. Qxe2 d6 12. Rad1 Rb8 13. d4 cxd4 14. cxd4 d5 15. e5 b6 16. h4 Nb4 17. Qd2 a5 18. a3 Nc6 19. h5 Ba6 20. Rfe1 b5 21. Rc1 Qd7 22. Bh6 b4 23. Bxg7 Kxg7 24. Qg5 f6 25. exf6+ Rxf6 26. h6+ Kf7 27. Rxc6 Rf5 28. Qc1 Rc8 29. Rxc8 Qxc8 30. Ng5+ Kg8 31. Nxe6 Qxc1 32. Rxc1 Rf6 33. Nf4 g5 34. Bxd5+ Kf8 35. Ne6+ Ke7 36. Nxg5 Rxh6 37. Rc7+ Kd8 38. Ra7 bxa3 39. bxa3 Ke8 40. Bf7+ Kd8 41. Ne6+ Kc8 42. Rxa6 Kd7 43. Nc5+ Ke7 44. Rxh6 Kxf7 45. Rxh7+ 1-0

[Event "December 19 Early 2023"]
[Site "https://www.chess.com"]
[Date "2023.12.19"]
[Round "6"]
[White "Iskusnyh, Sergei"]
[Black "Kraus, Tomas"]
[Result "1-0"]
[Board "95"]
[TimeControl "180+1"]
[WhiteFideId "4120027"]
[BlackFideId "331708"]
[WhiteElo "2455"]
[BlackElo "2371"]
[WhiteTeam "RUS"]
[BlackTeam "CZE"]
[WhiteClock "0:01:18"]
[BlackClock "0:00:05"]

1. d4 Nf6 2. c4 g6 3. g3 Bg7 4. Bg2 O-O 5. Nc3 d6 6. Nf3 c5 7. dxc5 dxc5 8. Be3 Na6 9. O-O Be6 10. b3 Qa5 11. Qc1 Ng4 12. Bd2 Qc7 13. h3 Ne5 14. Nb5 Qb6 15. Nxe5 Bxe5 16. Bc3 Bxc3 17. Nxc3 Rfd8 18. Qg5 Rd7 19. h4 Rad8 20. h5 Ra8 21. hxg6 Rad8 22. gxh7+ Kxh7 23. Be4+ f5 24. Kg2 fxe4 25. Rh1+ Bh3+ 26. Rxh3+ Qh6 27. Rxh6# 1-0

[Event "December 19 Early 2023"]
[Site "https://www.chess.com"]
[Date "2023.12.19"]
[Round "6"]
[White "Domingo Nunez, Alejandro"]
[Black "Borawski, Jakub"]
[Result "1-0"]
[Board "96"]
[TimeControl "180+1"]
[WhiteFideId "22245561"]
[BlackFideId "1143000"]
[WhiteElo "2252"]
[BlackElo "2052"]
[WhiteTeam "ESP"]
[BlackTeam "POL"]
[WhiteClock "0:00:38"]
[BlackClock "0:00:10"]

1. e4 e5 2. Nf3 Nc6 3. Bc4 Be7 4. O-O Nf6 5. d3 O-O 6. Re1 d6 7. a4 Be6 8. Nc3 Bxc4 9. dxc4 Qd7 10. h3 Nd8 11. b3 Ne6 12. Be3 Rfd8 13. Qd3 Qe8 14. Rad1 Nh5 15. Ne2 g6 16. Qc3 Qf8 17. g4 Nhf4 18. Nxf4 Nxf4 19. Bxf4 exf4 20. Qd2 g5 21. Qd5 c6 22. Qf5 Qg7 23. e5 dxe5 24. Nxe5 Bf6 25. Nd7 Bd4 26. Re7 Re8 27. Qe4 Rxe7 28. Qxe7 h6 29. Re1 Rc8 30. Qe8+ Rxe8 31. Rxe8+ Kh7 32. Nf8+ Kh8 33. Ne6+ Kh7 34. Nxg7 Bxg7 35. Re7 Kg6 36. Rxb7 Bd4 37. Rc7 c5 38. Rxa7 Kf6 39. Ra6+ Ke5 40. Kg2 Ke4 41. f3+ Ke3 42. Rxh6 Kd2 43. a5 Kxc2 44. a6 1-0

[Event "December 19 Early 2023"]
[Site "https://www.chess.com"]
[Date "2023.12.19"]
[Round "6"]
[White "Janaszak, Dawid"]
[Black "Korol, Dimitry"]
[Result "1-0"]
[Board "97"]
[TimeControl "180+1"]
[WhiteFideId "1119206"]
[BlackFideId "14108003"]
[WhiteElo "2218"]
[BlackElo "2262"]
[WhiteTeam "POL"]
[BlackTeam "UKR"]
[WhiteClock "0:01:35"]
[BlackClock "0:00:00"]

1. e4 c5 2. Nc3 g6 3. Bc4 Nc6 4. h4 h5 5. Nf3 Bg7 6. d3 e6 7. O-O Nge7 8. Bg5 O-O 9. Qd2 Nd4 10. Nxd4 cxd4 11. Ne2 d6 12. Bb3 Qc7 13. Rac1 Nc6 14. Bh6 Bd7 15. Bxg7 Kxg7 16. c3 dxc3 17. Rxc3 Qa5 18. Rfc1 Rac8 19. d4 Ne7 20. Qf4 e5 21. Qg5 f6 22. Qe3 Rxc3 23. bxc3 Rc8 24. Rd1 1-0

[Event "December 19 Early 2023"]
[Site "https://www.chess.com"]
[Date "2023.12.19"]
[Round "6"]
[White "Ambartsumova, Karina"]
[Black "Martin, Lewis"]
[Result "1/2-1/2"]
[Board "98"]
[TimeControl "180+1"]
[WhiteFideId "4166299"]
[BlackFideId "410551"]
[WhiteElo "2240"]
[BlackElo "2145"]
[WhiteTeam "RUS"]
[BlackTeam "ENG"]
[WhiteClock "0:00:09"]
[BlackClock "0:00:15"]

1. d4 d5 2. c4 c6 3. Nf3 Nf6 4. g3 e6 5. Bg2 Nbd7 6. Qd3 Bd6 7. b3 O-O 8. Nc3 Qe7 9. O-O b6 10. e4 dxe4 11. Nxe4 Nxe4 12. Qxe4 Bb7 13. Bb2 f5 14. Qe2 c5 15. Rfe1 Rae8 16. Rad1 cxd4 17. Nxd4 Bxg2 18. Kxg2 Bb4 19. Qxe6+ Qxe6 20. Rxe6 Nc5 21. Rxe8 Rxe8 22. Nxf5 Re2 23. Bxg7 Ne4 24. Rd7 Rxf2+ 25. Kh3 Rxf5 26. Bh6 Rh5+ 27. Kg2 Rxh6 28. Rxa7 Rf6 29. a3 Bc5 30. b4 Be3 31. Re7 Rf2+ 32. Kh3 Ng5+ 33. Kg4 Bd2 34. h4 Nf7 35. c5 bxc5 36. bxc5 Kg7 37. c6 Ba5 38. Ra7 Bb6 39. Rb7 Ba5 40. Ra7 Be1 41. Re7 Ba5 42. Ra7 1/2-1/2

[Event "December 19 Early 2023"]
[Site "https://www.chess.com"]
[Date "2023.12.19"]
[Round "6"]
[White "Pogorelskikh, Sofia"]
[Black "Jakubowski, Krzysztof"]
[Result "0-1"]
[Board "99"]
[TimeControl "180+1"]
[WhiteFideId "44164548"]
[BlackFideId "1112848"]
[WhiteElo "2031"]
[BlackElo "2369"]
[WhiteTeam "SRB"]
[BlackTeam "POL"]
[WhiteClock "0:00:00"]
[BlackClock "0:00:06"]

1. e4 c5 2. Nf3 d6 3. d4 cxd4 4. Nxd4 Nf6 5. Nc3 a6 6. Nb3 Nc6 7. Bg5 e6 8. f4 Be7 9. Qf3 Qc7 10. O-O-O O-O 11. Kb1 b5 12. e5 dxe5 13. fxe5 Nxe5 14. Qxa8 b4 15. Bxf6 gxf6 16. Ne4 Bb7 17. Qa7 Rc8 18. Bd3 f5 19. Nec5 Bxc5 20. Nxc5 Qxc5 21. Qxb7 a5 22. Rc1 Ng4 23. Rhd1 Ne3 24. Re1 Nd5 25. Qb5 Qa7 26. c4 bxc3 27. b3 Rb8 28. Qc4 Rb4 29. Qc8+ Kg7 30. Bc2 a4 31. Qd8 h6 32. Qd6 axb3 33. Bxb3 Qa3 34. Rc2 Rxb3+ 35. axb3 Qxd6 36. Rxc3 Nxc3+ 37. Kc2 Ne4 0-1

[Event "December 19 Early 2023"]
[Site "https://www.chess.com"]
[Date "2023.12.19"]
[Round "6"]
[White "Al-Tarboush, Ward"]
[Black "Fernandez Siles, Luis"]
[Result "1-0"]
[Board "100"]
[TimeControl "180+1"]
[WhiteFideId "7601450"]
[BlackFideId "2209420"]
[WhiteElo "2278"]
[BlackElo "2195"]
[WhiteTeam "NOR"]
[BlackTeam "ESP"]
[WhiteClock "0:01:12"]
[BlackClock "0:00:01"]

1. e4 c5 2. Nf3 Nc6 3. d4 cxd4 4. Nxd4 Nf6 5. Nc3 e5 6. Ndb5 d6 7. Bg5 a6 8. Na3 b5 9. Nd5 Be7 10. Bxf6 Bxf6 11. c3 O-O 12. Nc2 Rb8 13. a4 bxa4 14. Ncb4 Nxb4 15. cxb4 Bb7 16. Rxa4 a5 17. b5 Bxd5 18. Qxd5 Qb6 19. Bc4 Rbc8 20. O-O Rc5 21. Qd3 Rfc8 22. b3 Bd8 23. g3 g6 24. Rfa1 Qb8 25. Qf3 Qb7 26. Bd5 Rxd5 27. exd5 Qxb5 28. Kg2 Bb6 29. R4a2 Kg7 30. Rd1 Qb4 31. Re2 Rc3 32. Rd3 Rc1 33. Re4 Bd4 34. Rdxd4 exd4 35. Re7 1-0

[Event "December 19 Early 2023"]
[Site "https://www.chess.com"]
[Date "2023.12.19"]
[Round "6"]
[White "Deac, Bogdan-Daniel"]
[Black "Baches Garcia, Guillermo"]
[Result "1-0"]
[Board "101"]
[TimeControl "180+1"]
[WhiteFideId "1226380"]
[BlackFideId "2209764"]
[WhiteElo "2641"]
[BlackElo "2505"]
[WhiteTeam "ROU"]
[BlackTeam "ESP"]
[WhiteClock "0:02:24"]
[BlackClock "0:00:29"]

1. d4 d5 2. Bf4 e6 3. e3 Bd6 4. Nf3 Nf6 5. Bg3 O-O 6. c4 a6 7. Qc2 Re8 8. Nbd2 h6 9. Bd3 Nc6 10. a3 Bxg3 11. hxg3 e5 12. cxd5 Nxd4 13. exd4 e4 14. Nxe4 Nxe4 15. Bxe4 Qxd5 16. Ne5 Qxd4 17. f4 f6 18. Bg6 Re7 19. Rd1 Qe3+ 20. Kf1 Qxg3 21. Rd8+ 1-0

[Event "December 19 Early 2023"]
[Site "https://www.chess.com"]
[Date "2023.12.19"]
[Round "6"]
[White "Cervantes Landeiro, Thalia"]
[Black "Jumabayev, Rinat"]
[Result "0-1"]
[Board "102"]
[TimeControl "180+1"]
[WhiteFideId "3520498"]
[BlackFideId "13702661"]
[WhiteElo "2189"]
[BlackElo "2561"]
[WhiteTeam "USA"]
[BlackTeam "KAZ"]
[WhiteClock "0:00:01"]
[BlackClock "0:01:06"]

1. d4 Nf6 2. c4 e6 3. Nf3 Bb4+ 4. Nbd2 O-O 5. a3 Be7 6. e4 d6 7. Be2 Nfd7 8. b4 e5 9. d5 a5 10. Bb2 c6 11. O-O cxd5 12. cxd5 Nb6 13. bxa5 Rxa5 14. Bc3 Ra8 15. a4 Na6 16. a5 Nd7 17. Nb3 Ndc5 18. Nfd2 Bg5 19. Nxc5 Nxc5 20. Bb4 Bxd2 21. Bxc5 Rxa5 22. Qxd2 Rxc5 23. Rfb1 Qc7 24. h3 f5 25. Bd3 f4 26. f3 Bd7 27. Ra7 Rb8 28. Qb2 Bc8 29. Qb6 Kf7 30. Kh2 Qxb6 31. Rxb6 Ke7 32. Ba6 Rc7 33. h4 g6 34. Bb5 h6 35. Bc6 g5 36. hxg5 hxg5 37. Bb5 g4 38. fxg4 Bxg4 39. Bc6 Rh8+ 40. Kg1 Bc8 41. Bxb7 Rh7 42. Bxc8 Rxa7 43. Be6 Rg7 44. Kf1 Ra1+ 45. Kf2 Ra2+ 46. Ke1 Rgxg2 47. Rb7+ Kf6 48. Rf7+ Kg6 0-1

[Event "December 19 Early 2023"]
[Site "https://www.chess.com"]
[Date "2023.12.19"]
[Round "6"]
[White "Yuan, Qingyu"]
[Black "Kurmangaliyeva, Liya"]
[Result "0-1"]
[Board "103"]
[TimeControl "180+1"]
[WhiteFideId "8609772"]
[BlackFideId "13725831"]
[WhiteElo "2359"]
[BlackElo "2077"]
[WhiteTeam "CHN"]
[BlackTeam "KAZ"]
[WhiteClock "0:00:00"]
[BlackClock "0:00:06"]

1. Nf3 d5 2. e3 c5 3. d4 Nc6 4. dxc5 e6 5. c4 dxc4 6. Qxd8+ Nxd8 7. Bxc4 Bxc5 8. a3 Nf6 9. b4 Bd6 10. Bb2 Ke7 11. Nbd2 Nc6 12. Rc1 Bd7 13. O-O Rhd8 14. Rfd1 Rac8 15. h3 Be8 16. Bb3 a6 17. Nc4 Bc7 18. Nd4 g6 19. b5 Nxd4 20. Bxd4 Bxb5 21. Nb6 Bxb6 22. Bxb6 Rxd1+ 23. Rxd1 Ne4 24. f3 Nd6 25. Ba5 Bc4 26. Bc2 Bd5 27. Bb1 Bb3 28. Re1 Nb5 29. Bd3 Nc3 30. Kh2 Nd5 31. Bd2 Rd8 32. e4 Nc7 33. Bb4+ Ke8 34. Be2 b6 35. Rc1 Kd7 36. Bc3 a5 37. Be5 Rc8 38. Rc3 a4 39. Rd3+ Ke8 40. Rc3 Kd7 41. Rd3+ Ke8 42. h4 Na6 43. Rd6 Nc5 44. Rxb6 Nd7 45. Bb5 Kd8 46. Rd6 Rc7 47. Rd4 Rb7 48. Bc6 Ra7 49. Bf6+ Kc8 50. Bg5 Ne5 51. Rd8+ Kc7 52. Be8 h6 53. Bf6 Ra5 54. Rd4 Nc4 55. Bxf7 Nxa3 56. Bxg6 Nc2 57. Rd2 a3 58. e5 a2 59. Bxc2 a1=Q 60. Bxb3 Qf1 61. Bd8+ Kb7 62. Bxa5 Qb5 63. Bxe6 Qxa5 64. f4 Qxd2 65. Kg3 Qe3+ 66. Kg4 h5+ 67. Kf5 Qg3 68. Bd5+ Kc7 69. Bf3 Qxh4 70. e6 Kd8 71. Ke5 Ke7 72. f5 Qf6+ 73. Ke4 Qg5 74. Ke5 Qe3+ 75. Kd5 Kf6 76. Kd6 Qe5+ 77. Kd7 Qxf5 78. Bxh5 Qxh5 79. e7 Qf7 0-1